 Dungeon Crawl Stone Soup version 0.29-a0-234-g0dae59b3db (webtiles) character file.

Game seed: 5210225130023448408

29891 tognito the Severer (level 13, 0/171 HPs)
             Began as a Minotaur Berserker on Mar 2, 2022.
             Was a High Priest of Trog.
             Slain by a death knight
             ... wielding a +0 great mace
              (30 damage)
             ... on level 10 of the Dungeon.
             The game lasted 00:24:01 (10046 turns).

tognito the Severer (Minotaur Berserker)           Turns: 10046, Time: 00:24:01

Health: 0/171      AC: 18    Str: 27    XL:     13   Next: 17%
Magic:  12/12      EV: 14    Int:  4    God:    Trog [*****.]
Gold:   823        SH:  0    Dex: 10    Spells: 12/12 levels left

rFire   + . .      SeeInvis .   a - +3 battleaxe
rCold   . . .      Faith    .   (shield currently unavailable)
rNeg    . . .      Spirit   .   x - +0 plate armour
rPois   .          Reflect  .   (helmet restricted)
rElec   .          Harm     .   (no cloak)
rCorr   .          Rampage  .   y - +0 pair of gloves
Will    .....                   p - +0 pair of boots
Stlth   ..........              w - amulet of regeneration
HPRegen 1.18/turn               u - +4 ring of evasion
MPRegen 0.13/turn               t - ring of protection from fire

@: berserking, very quick
A: horns 2, retaliatory headbutt
a: Renounce Religion, Berserk, Trog's Hand, Brothers in Arms


You were on level 10 of the Dungeon.
You worshipped Trog.
Trog was extremely pleased with you.
You visited 1 branch of the dungeon, and saw 10 of its levels.

You collected 823 gold pieces.

Inventory:

Hand Weapons
 a - a +3 battleaxe (weapon)
Missiles
 m - 3 throwing nets
 n - 13 boomerangs (quivered)
 v - 16 poisoned darts
 C - 6 silver boomerangs
 D - a curare-tipped dart
Armour
 p - a +0 pair of boots (worn)
 x - a +0 plate armour (worn)
 y - a +0 pair of gloves (worn)
Jewellery
 b - a +6 ring of intelligence
 e - a ring of magical power
 h - an amulet of guardian spirit
 t - a ring of protection from fire (right hand)
 u - a +4 ring of evasion (left hand)
 w - an amulet of regeneration (around neck)
 B - a ring of positive energy
Wands
 r - a wand of iceblast (9)
 z - a wand of paralysis (12)
Scrolls
 c - 5 scrolls of teleportation
 g - 3 scrolls of silence
 i - 3 scrolls of fear
 j - 2 scrolls of blinking
 l - 2 scrolls of magic mapping
 q - 2 scrolls of enchant weapon
 s - a scroll of enchant armour
 E - a scroll of noise {unknown}
 F - a scroll of identify
Potions
 d - a potion of heal wounds
 f - a potion of might
 k - a potion of brilliance
 o - a potion of flight
 A - a potion of haste


   Skills:
 + Level 10.5 Fighting
 * Level 15.5 Axes
 + Level 9.0 Throwing
 + Level 11.1 Armour
 + Level 10.1 Dodging


You had 12 spell levels left.
You didn't know any spells.
Your spell library was empty.

Dungeon Overview and Level Annotations

Branches:
Dungeon (10/15)            Temple (0/1) D:7
   Lair: D:8-11         Orc: D:9-12

Altars:
Uskayaw
Xom


Innate Abilities, Weirdness & Mutations

You have a pair of horns on your head.
You reflexively headbutt those who attack you in melee.


Message History

Things that are here:
a +0 dagger; a +0 robe
There is an open door here.
There is an open door here.
There is an open door here.
Items here: ))) [[.
Things that are here:
a +0 giant spiked club; a +0 giant club
Things that are here:
a +0 mace; a +0 leather armour
Items here: ))) [[.
There is an open door here.
A death knight is nearby!
Throw: 13 boomerangs
Press: ? - help, Q - select action, (/) - cycle Shift-Dir - straight line, f - death knight
Aim: a death knight, wielding a +0 great mace, wearing a +0 chain mail and wearing a +4 ring of protection (wandering, hasn't noticed you, 66% to hit)
You throw a boomerang. The death knight shouts!
The boomerang hits the death knight but does no damage.
The death knight invokes the aid of Yredelemnul against you.
Your body is wracked with pain!
A red film seems to cover your vision as you go berserk!
You feel yourself moving faster!
You feel mighty!
The death knight hits you with a +0 great mace!!
You closely miss the death knight.
You hit the death knight but do no damage.
The death knight barely misses you.
You closely miss the death knight.
The death knight hits you with a +0 great mace!
You closely miss the death knight. You closely miss the death knight.
The death knight calls down the wrath of Yredelemnul upon you.
Your body is wracked with pain!
* * * LOW HITPOINT WARNING * * *
You slash the death knight! You headbutt the death knight!
The death knight is lightly wounded.
You slice the death knight!!
The death knight is severely wounded.
The death knight hits you with a +0 great mace!!
You die...

...#†#...##.......######.#####○##
.#..†).#.#..#####..##..#.#..##.#
..##.##..#. ##.##....#..##○#
#.#.#.#.##.# #.#####.#.###.#
...#.#...'.# #.'.))......'.#
#.#.#.#.##.# #.###)#)#####.#
..##.##..#. ##.##..#....##.#
)#.....#.#..#####..##..#.#..##.#
...#.#...##....p@.######.#####.#
####'#########'#########'#####.#
...... #.#.#.#...#...........##
##.#### #.#...##.##.#######.....
.... #...###...#.## #..###
#..#.#.....#.#..## #.....
#..'...###.#.'...## #..###
....##.##.#.#.#....####.##.. .#.
#.##......#.†.......#..)


You could see a death knight.

Vanquished Creatures
  2 boulder beetles (D:10)
  2 centaur warriors
  6 two-headed ogres
  A deep elf pyromancer (D:10)
  4 orange demons (D:10)
  Maggie (D:6)
  An unseen horror (D:10)
  A kobold demonologist (D:10)
  A komodo dragon (D:10)
  2 red devils (D:10)
  2 trolls
  A hornet (D:10)
  2 vampires
  4 wraiths
  A shadow (D:10)
  7 yaks
  5 wyverns
  3 steam dragons
  An acid dragon (D:8)
  A water moccasin (D:8)
  3 orc warriors
  A sky beast (D:6)
  3 black bears
  2 ogres (D:6)
  An ice beast (D:5)
  3 centaurs
  2 kobold brigands
  2 phantoms
  2 gnoll sergeants
  5 bullfrogs
  4 scorpions
  3 necrophages (D:7)
  11 wights
  11 killer bees
  A howler monkey (D:8)
  9 orc priests
  4 hounds
  3 gnoll shamans (D:8)
  Ijyb (D:3)
  9 orc wizards
  Robin (D:4)
  18 gnolls
  6 adders
  2 white imps
  2 worms (D:3)
  2 dart slugs
  25 orcs
  8 ball pythons
  9 endoplasms
  7 giant cockroaches
  18 goblins
  13 hobgoblins
  6 quokkas
  7 bats
  3 frilled lizards
  27 kobolds
  6 rats
288 creatures vanquished.

Vanquished Creatures (others)
  2 orc wizards (D:8)
  16 plants
18 creatures vanquished.

Grand Total: 306 creatures vanquished

Notes
Turn   | Place    | Note
-------+----------+-------------------------------------------
     0 | D:1      | tognito the Minotaur Berserker began the quest for the Orb.
     0 | D:1      | Reached XP level 1. HP: 19/19 MP: 0/0
   418 | D:1      | Reached XP level 2. HP: 27/27 MP: 1/1
   478 | D:1      | Reached skill level 4 in Axes
   816 | D:1      | Reached XP level 3. HP: 33/33 MP: 2/2
  1005 | D:1      | Reached ** piety under Trog
  1286 | D:2      | Found a hide-covered altar of Uskayaw.
  1710 | D:2      | Reached skill level 1 in Throwing
  1967 | D:2      | Reached XP level 4. HP: 11/40 MP: 0/3
  2673 | D:3      | Found a faded altar of an unknown god.
  2761 | D:3      | Reached skill level 5 in Axes
  2782 | D:3      | Reached XP level 5. HP: 47/47 MP: 4/4
  3040 | D:3      | Noticed Ijyb
  3051 | D:3      | Killed Ijyb
  3465 | D:4      | Reached *** piety under Trog
  3545 | D:4      | Reached XP level 6. HP: 53/53 MP: 5/5
  3638 | D:4      | Reached skill level 6 in Axes
  3843 | D:4      | Noticed Robin
  3855 | D:4      | Killed Robin
  4123 | D:5      | Entered Level 5 of the Dungeon
  4146 | D:5      | Reached skill level 5 in Fighting
  4146 | D:5      | Reached XP level 7. HP: 56/61 MP: 3/6
  4682 | D:5      | Reached skill level 7 in Axes
  4877 | D:6      | Noticed Maggie
  4894 | D:6      | Killed Maggie
  4895 | D:6      | Reached skill level 5 in Armour
  4895 | D:6      | Reached XP level 8. HP: 50/70 MP: 4/7
  5161 | D:6      | Reached skill level 8 in Axes
  5513 | D:6      | Reached skill level 5 in Dodging
  5862 | D:6      | Reached **** piety under Trog
  5876 | D:6      | Reached skill level 9 in Axes
  6181 | D:7      | Reached XP level 9. HP: 24/78 MP: 1/8
  6720 | D:7      | Found a staircase to the Ecumenical Temple.
  6855 | D:7      | Reached skill level 5 in Throwing
  7276 | D:8      | Noticed a centaur warrior
  7280 | D:8      | Reached skill level 10 in Axes
  7302 | D:8      | Killed a centaur warrior
  7303 | D:8      | Reached XP level 10. HP: 88/88 MP: 9/9
  7353 | D:8      | Reached skill level 11 in Axes
  7683 | D:8      | Found a shimmering altar of Xom.
  8361 | D:9      | Reached ***** piety under Trog
  8485 | D:9      | Reached skill level 12 in Axes
  8615 | D:9      | Noticed a two-headed ogre
  8657 | D:9      | Noticed a centaur warrior
  8666 | D:9      | Killed a centaur warrior
  8731 | D:9      | Killed a two-headed ogre
  8732 | D:9      | Reached XP level 11. HP: 77/97 MP: 10/10
  8742 | D:9      | Received a gift from Trog
  8969 | D:10     | Entered Level 10 of the Dungeon
  9118 | D:10     | Noticed a two-headed ogre
  9126 | D:10     | Killed a two-headed ogre
  9150 | D:10     | Noticed a two-headed ogre
  9155 | D:10     | Killed a two-headed ogre
  9193 | D:10     | Noticed a two-headed ogre
  9199 | D:10     | Reached skill level 13 in Axes
  9220 | D:10     | Killed a two-headed ogre
  9401 | D:10     | Noticed a two-headed ogre
  9411 | D:10     | Reached skill level 10 in Fighting
  9411 | D:10     | Killed a two-headed ogre
  9551 | D:10     | Paralysed by a hornet for 2 turns
  9631 | D:10     | Noticed a deep elf pyromancer
  9631 | D:10     | Noticed a boulder beetle
  9631 | D:10     | Noticed a death knight
  9632 | D:10     | Noticed a white ugly thing
  9730 | D:10     | Killed a boulder beetle
  9731 | D:10     | Reached skill level 14 in Axes
  9731 | D:10     | Reached skill level 10 in Armour
  9737 | D:10     | Killed a deep elf pyromancer
  9738 | D:10     | Reached XP level 12. HP: 49/106 MP: 11/11
  9824 | D:10     | Noticed a two-headed ogre
  9827 | D:10     | Killed a two-headed ogre
  9871 | D:10     | Noticed a boulder beetle
  9896 | D:10     | Killed a boulder beetle
  9918 | D:10     | Reached skill level 15 in Axes
  9918 | D:10     | Reached skill level 10 in Dodging
  9918 | D:10     | Reached XP level 13. HP: 114/114 MP: 12/12
 10046 | D:10     | Slain by a death knight

Illustrated notes

Levels and vault maps discovered:
D:1:      kilobyte_arrival_exit_the_forest, layout_basic
D:2:      layout_loops_corners, basic_altar, minmay_heptomino_d4
D:3:      layout_loops_ring, hellmonk_ecumenical_altar_slurped_away,
          serial_bayou_crossing, uniq_ijyb
D:4:      layout_cave_pools, serial_forest, infiniplex_forest_lined_corner,
          infiniplex_forest_straight_4, infiniplex_forest_clump_medium,
          infiniplex_forest_clump_double, infiniplex_forest_lined_3,
          infiniplex_forest_clump_small, infiniplex_forest_end_1, uniq_robin
D:5:      layout_loops_ring
D:6:      layout_basic, uniq_maggie
D:7:      layout_basic, minmay_temple_entry_drinking_statues
D:8:      layout_basic, xom_confusion_cloud, grunt_potential
D:9:      layout_rooms
D:10:     minmay_the_grid_plus [minmay_the_grid_mess, minmay_the_grid_odd_star,
          minmay_the_grid_rooms, minmay_the_grid_doors,
          minmay_the_grid_prize_inner_circle], layout_loops_ring,
          minmay_beelzebubs_servants

Skill      XL: |  1  2  3  4  5  6  7  8  9 10 11 12 |
---------------+-------------------------------------+-----
Axes           | 4 5 6 7 9 10 12 14 15 | 15.5
Fighting       | 4 5 6 7 9 10 | 10.5
Armour         | 3 4 5 6 7 8 10 11 | 11.1
Throwing       | 1 2 3 4 5 6 8 9 |  9.0
Dodging        | 3 4 5 6 7 9 10 | 10.1

Action                   |  1- 3 |  4- 6 |  7- 9 | 10-12 | 13-15 || total
-------------------------+-------+-------+-------+-------+-------++-------
Melee: Hand axe          |   120 |   115 |       |       |       ||   235
       Headbutt          |    16 |    19 |    32 |    68 |     1 ||   136
       War axe           |       |     1 |    35 |    25 |       ||    61
       Punch             |       |     1 |     1 |     2 |       ||     4
       Mace              |       |       |   159 |    66 |       ||   225
       Battleaxe         |       |       |       |   238 |     7 ||   245
Throw: Dart              |     4 |    13 |    10 |       |       ||    27
       Throwing net      |       |       |     2 |       |       ||     2
       Boomerang         |       |       |    21 |    31 |     7 ||    59
Invok: Berserk           |     1 |     2 |     3 |     5 |     1 ||    12
  Use: Potion            |     4 |     3 |     3 |     4 |       ||    14
       Scroll            |       |       |       |    12 |       ||    12
 Stab: Held in net/web   |       |       |     1 |       |       ||     1
Armor: Animal skin       |     6 |       |       |       |       ||     6
       Ring mail         |    33 |    16 |       |       |       ||    49
       Scale mail        |       |    30 |    13 |       |       ||    43
       Swamp dragon scal |       |       |    61 |       |       ||    61
       Plate armour      |       |       |    38 |   197 |       ||   235
Dodge: Dodged            |    73 |    71 |   111 |   266 |     1 ||   522

Table legend: (Time is in decaauts)
 A = Elapsed time spent in this place.
 B = Non-inter-level travel time spent in this place.
 C = Inter-level travel time spent in this place.
 D = Time resting spent in this place.
 E = Time spent auto-exploring this place.
 F = Levels seen in this place.
 G = Mean time per level.
                   A        B        C        D        E       F      G
               +--------+--------+--------+--------+--------+-----+--------+
         Total |  10211 |   9930 |    281 |     24 |   7895 |  10 | 1021.1 |
       Dungeon |  10211 |   9930 |    281 |     24 |   7895 |  10 | 1021.1 |
               +--------+--------+--------+--------+--------+-----+--------+

Top non-repeatable levels by time:
     D:6: 1295 daAuts
     D:1: 1255 daAuts
     D:2: 1218 daAuts
    D:10: 1110 daAuts
     D:7: 1085 daAuts
     D:8: 995 daAuts
     D:3: 945 daAuts
     D:9: 823 daAuts
     D:4: 746 daAuts
     D:5: 733 daAuts
